[Event "Team 45 45 League T69"]
[Site "Internet Chess Club"]
[Date "2016.07.27"]
[Round "8"]
[White "JJ12"]
[Black "jonesey"]
[Result "1-0"]
[WhiteElo "2182"]
[BlackElo "1988"]
[Opening "Ruy Lopez: Caro variation"]
[ECO "C70"]
[Time "13:27:01"]
[TimeControl "2700+45"]

1. e4 e5 2. Nf3 Nc6 3. Bb5 a6 4. Ba4 b5 5. Bb3 Nf6 6. d3 Be7 7. Nc3 d6 8. a4 b4
9. Nd5 Bg4 10. Be3 Rb8 11. a5 Rb5 12. Nxf6+ Bxf6 13. Ba4 Qb8 14. c4 bxc3 15.
bxc3 Bd7 16. Bxb5 Qxb5 17. O-O Ke7 18. Qc2 Qb7 19. Rfb1 Qa8 20. h3 g5 21. Qb3 g4
22. hxg4 Bxg4 23. Qb7 Bxf3 24. Qxc7+ Ke6 25. Rb7 Qe8 26. gxf3 h5 27. Rb6 {Black
resigns} 1-0

[Event "Team 45 45 League T69"]
[Site "Internet Chess Club"]
[Date "2016.07.30"]
[Round "8"]
[White "fledermaus"]
[Black "xt"]
[Result "1-0"]
[WhiteElo "1846"]
[BlackElo "1810"]
[Opening "QGD: Cambridge Springs defense, Bogolyubov variation"]
[ECO "D52"]
[Time "14:01:56"]
[TimeControl "2700+45"]

1. d4 d5 2. Nf3 c6 3. c4 Nf6 4. Nc3 e6 5. Bg5 Nbd7 6. e3 Qa5 7. Nd2 Bb4 8. Qc2
h6 9. Bf4 Nh5 10. Bg3 Nxg3 11. hxg3 Nb6 12. c5 Nd7 13. f4 Nf6 14. Bd3 Ng4 15.
Ke2 Bd7 16. Nb3 Qd8 17. Nd1 Ba5 18. Nxa5 Qxa5 19. a3 b5 20. Nf2 Nf6 21. g4 Ke7
22. Qd2 Qc7 23. Rae1 Qc8 24. Kd1 g6 25. Kc1 Qb7 26. b3 a5 27. Rh3 e5 28. fxe5
Nxg4 29. Rf3 a4 30. b4 Raf8 31. Nxg4 Bxg4 32. Rf4 Be6 33. Ref1 Ke8 34. Rf6 Qd7
35. Qf2 Qe7 36. Qe2 h5 37. Bxb5 cxb5 38. Qxb5+ Qd7 39. c6 Qc7 40. Kb2 Ke7 41.
Qc5+ Kd8 42. Rxe6 Kc8 43. Re7 Qb8 44. Rb7 Qa8 45. Qb6 {Black resigns} 1-0

[Event "Team 45 45 League T69"]
[Site "Internet Chess Club"]
[Date "2016.08.01"]
[Round "8"]
[White "passedpawn"]
[Black "LookImYourVader"]
[Result "1/2-1/2"]
[WhiteElo "1893"]
[BlackElo "1721"]
[Opening "King's Indian: London system"]
[ECO "A48"]
[Time "16:03:46"]
[TimeControl "2700+45"]

1. d4 Nf6 2. Nf3 g6 3. Bf4 Bg7 4. h3 O-O 5. e3 d6 6. Be2 c5 7. c3 cxd4 8. exd4
Nc6 9. Nbd2 Nd5 10. Bh2 e5 11. dxe5 dxe5 12. O-O Be6 13. Ne4 Qb6 14. Qb1 f6 15.
Rd1 Rad8 16. Bc4 Na5 17. Be2 Nf4 18. Bxf4 exf4 19. Nd4 Bd5 20. Nd2 Rfe8 21. Bf3
f5 22. Bxd5+ Rxd5 23. N2f3 Nc4 24. b3 Ne5 25. Qc2 Red8 26. Re1 Nxf3+ 27. Nxf3
Rd3 28. Rad1 Rxc3 29. Rxd8+ Qxd8 30. Qe2 Qc8 31. Ng5 Rc1 32. Rxc1 Qxc1+ 33. Kh2
Qc6 34. Qe7 Qf6 35. Qe8+ Bf8 36. Ne6 Qe7 37. Qc8 b6 38. Qc4 Qf7 39. Qc8 {Game
drawn by mutual agreement} 1/2-1/2

[Event "Team 45 45 League T69"]
[Site "Internet Chess Club"]
[Date "2016.08.01"]
[Round "8"]
[White "az2112"]
[Black "bradleyguo175"]
[Result "1-0"]
[WhiteElo "1631"]
[BlackElo "1534"]
[Opening "King's Indian: Torre attack"]
[ECO "A48"]
[Time "20:33:22"]
[TimeControl "2700+45"]

1. d4 Nf6 2. Nf3 g6 3. Bg5 Bg7 4. e3 d6 5. Bd3 O-O 6. O-O Nc6 7. c3 Bg4 8. h3
Bd7 9. Nbd2 Re8 10. Rc1 a6 11. a3 b5 12. c4 Na7 13. Re1 Rc8 14. Qc2 c5 15. Qb1
b4 16. axb4 cxb4 17. c5 dxc5 18. Bxa6 Rc6 19. Bd3 cxd4 20. Nxd4 Rc8 21. Rxc8
Qxc8 22. Qa2 Qa8 23. Ra1 Rc8 24. Bxf6 Bxf6 25. Be4 Qb8 26. Qxa7 Rc1+ 27. Nf1
Qxa7 28. Rxa7 Bxd4 29. Rxd7 Bxb2 30. Rxe7 Bc3 31. Rb7 f5 32. Bd3 Rd1 33. Bc4+
Kf8 34. Rxh7 Rb1 35. Rb7 g5 36. Rf7+ Ke8 37. Rxf5 b3 38. Bxb3 Rxb3 39. Rxg5 Be1
40. Rf5 {Black resigns} 1-0

[Event "Team 45 45 League T69"]
[Site "Internet Chess Club"]
[Date "2016.07.30"]
[Round "8"]
[White "MikeTtheGuru"]
[Black "Freitac"]
[Result "1-0"]
[WhiteElo "2022"]
[BlackElo "1947"]
[Opening "English: Anglo-Grünfeld, Czech defense"]
[ECO "A16"]
[Time "13:06:30"]
[TimeControl "2700+45"]

1. c4 Nf6 2. Nc3 g6 3. g3 d5 4. cxd5 Nxd5 5. Bg2 Nb6 6. d3 Bg7 7. Be3 Nc6 8.
Bxc6+ bxc6 9. Qd2 h5 10. Nf3 Bg4 11. Ng5 Nd5 12. h3 Nxe3 13. Qxe3 Bf5 14. Rc1
Bh6 15. f4 Bg7 16. Qc5 O-O 17. Qxc6 Rb8 18. b3 Qd4 19. Nd5 Rfe8 20. Qc4 Qb2 21.
Ne3 Bc8 22. Qxf7+ Kh8 23. Qxe8+ {Black resigns} 1-0

[Event "Team 45 45 League T69"]
[Site "Internet Chess Club"]
[Date "2016.07.31"]
[Round "8"]
[White "santiagoelawad"]
[Black "laurenpar"]
[Result "1-0"]
[WhiteElo "2029"]
[BlackElo "1884"]
[Opening "English: Anglo-Dutch defense"]
[ECO "A96"]
[Time "09:06:28"]
[TimeControl "2700+45"]

1. c4 f5 2. Nf3 Nf6 3. g3 e6 4. Bg2 Be7 5. O-O O-O 6. Nc3 d6 7. d4 Ne4 8. Qc2
Nxc3 9. Qxc3 a5 10. Rd1 Nc6 11. b3 Bf6 12. Bb2 Qe8 13. a3 e5 14. dxe5 dxe5 15.
e4 f4 16. b4 Bg4 17. Rd3 axb4 18. axb4 Rxa1+ 19. Bxa1 Bxf3 20. Bxf3 Be7 21. c5
Nd4 22. Qc4+ Qf7 23. Qxf7+ Rxf7 24. Bxd4 exd4 25. Bg4 Rf8 26. Rxd4 Bf6 27. Rd7
Be5 28. Kg2 b6 29. Re7 Bd4 30. Be6+ Kh8 31. Rxc7 bxc5 32. bxc5 fxg3 33. fxg3 g6
34. c6 Re8 35. Bd5 Be5 36. Rd7 Rc8 37. g4 g5 38. h3 Bf4 39. Kf3 Rc7 40. Rd8+ Kg7
41. h4 h6 42. h5 Kf6 43. Rh8 Kg7 44. Rg8+ Kh7 45. Rf8 Kg7 46. Rxf4 gxf4 47. Kxf4
Re7 48. Kf5 Kf8 49. Kg6 Rg7+ 50. Kxh6 Rxg4 51. c7 {Black resigns} 1-0

[Event "Team 45 45 League T69"]
[Site "Internet Chess Club"]
[Date "2016.07.31"]
[Round "8"]
[White "pishd"]
[Black "Portola"]
[Result "0-1"]
[WhiteElo "1774"]
[BlackElo "1775"]
[Opening "Queen's pawn game"]
[ECO "D05"]
[Time "09:04:38"]
[TimeControl "2700+45"]

1. d4 d5 2. Nf3 Nf6 3. e3 e6 4. Bd3 Be7 5. Nbd2 O-O 6. O-O Nbd7 7. c3 b6 8. e4
dxe4 9. Nxe4 Bb7 10. Nxf6+ Bxf6 11. Bf4 c5 12. Bd6 Be7 13. Bxe7 Qxe7 14. Be2
Rfd8 15. Qc2 cxd4 16. Nxd4 Nf6 17. Bf3 Rac8 18. Bxb7 Qxb7 19. Rad1 Rd7 20. Nf3
Rcd8 21. Ne5 Rd5 22. c4 Qc7 23. Qe2 R5d6 24. b3 h6 25. Ng4 Nxg4 26. Qxg4 Qd7 27.
Rxd6 Qxd6 28. Qe2 Qd2 29. Qxd2 Rxd2 30. Ra1 Kf8 31. Kf1 Ke7 32. g3 Kd6 33. Ke1
Rd4 34. Rd1 Kc5 35. Rxd4 Kxd4 36. Kd2 e5 37. a3 a5 38. Kc2 f5 39. Kd2 g5 40. Kc2
e4 41. Kd2 f4 42. gxf4 gxf4 43. h3 a4 44. c5 e3+ 45. fxe3+ fxe3+ 46. Ke2 axb3
47. c6 b2 48. c7 b1=Q 49. c8=Q Qd3+ 50. Kf3 e2+ 51. Kf2 Qe3+ 52. Ke1 Qc3+ 53.
Qxc3+ Kxc3 54. Kxe2 Kb3 55. Kd3 Kxa3 56. Kc4 Ka4 57. Kc3 b5 58. Kb2 Kb4 59. h4
h5 60. Kb1 Kc3 61. Kc1 Kd3 62. Kb2 Ke3 63. Kb3 Kf3 64. Kb4 Kg4 65. Kxb5 Kxh4 66.
Kc5 Kg3 67. Kd4 h4 {White resigns} 0-1

[Event "Team 45 45 League T69"]
[Site "Internet Chess Club"]
[Date "2016.07.28"]
[Round "8"]
[White "Hal2001"]
[Black "elmaestro"]
[Result "1/2-1/2"]
[WhiteElo "1629"]
[BlackElo "1720"]
[Opening "Sicilian: Grand Prix attack"]
[ECO "B23"]
[Time "22:04:24"]
[TimeControl "2700+45"]

1. e4 c5 2. Nc3 Nc6 3. f4 d6 4. Nf3 Bg4 5. Bb5 a6 6. Bxc6+ bxc6 7. O-O Nf6 8. d3
g6 9. Qe1 Bg7 10. Qh4 Rb8 11. e5 Bxf3 12. Rxf3 dxe5 13. fxe5 Nd7 14. e6 fxe6 15.
Qe4 Ne5 16. Rf1 Qd4+ 17. Kh1 Qxe4 18. Nxe4 c4 19. d4 Nd7 20. c3 e5 21. dxe5 Bxe5
22. Re1 O-O 23. Bh6 Rf5 24. g4 Rf3 25. Re2 Rh3 26. g5 Rf3 27. Rae1 Rb5 28. Kg2
Rf7 29. Ng3 Bd6 30. Ne4 Be5 31. Ng3 Bd6 32. Ne4 Ne5 33. Rd1 Bc7 34. Rf1 Rxf1 35.
Kxf1 Bd6 36. Rf2 Rb8 37. Nxd6 exd6 38. Rf6 Ng4 39. Rxd6 Nxh6 40. gxh6 Rxb2 41.
Rd8+ Kf7 42. Kg1 Rxa2 43. Rd7+ Kg8 44. Rd8+ Kf7 45. Rd7+ Kg8 46. Rd8+ Kf7 47.
Rd7+ Kg8 48. Rd8+ {Game drawn by repetition} 1/2-1/2

[Event "Team 45 45 League T69"]
[Site "Internet Chess Club"]
[Date "2016.08.01"]
[Round "8"]
[White "rook9999"]
[Black "swagnik"]
[Result "0-1"]
[WhiteElo "1968"]
[BlackElo "1971"]
[Opening "Robatsch (modern) defense"]
[ECO "B06"]
[Time "14:15:56"]
[TimeControl "2700+45"]

1. e4 g6 2. d4 Bg7 3. Nf3 c5 4. d5 e6 5. e5 exd5 6. Qxd5 Qe7 7. Nc3 Nc6 8. Be2
Nh6 9. Qd1 O-O 10. O-O Nxe5 11. Bf4 d6 12. Nd5 Qd8 13. Qd2 Nf5 14. Rad1 Be6 15.
c3 Rc8 16. Ng5 a6 17. Nxe6 fxe6 18. Bg5 Qe8 19. Ne3 Nxe3 20. Qxe3 Nf7 21. Bh4 d5
22. Rfe1 Nh6 23. Bg3 Nf5 24. Qd2 Nxg3 25. hxg3 c4 26. Bg4 Rf6 27. Re3 Bh6 28.
Bxe6+ Rxe6 29. Rxe6 Bxd2 30. Rxe8+ Rxe8 31. Rxd2 Re1+ 32. Kh2 b5 33. g4 Kf7 34.
Kg3 Ke6 35. Kf4 Re4+ 36. Kg3 d4 37. cxd4 Kd5 38. f4 Rxd4 39. Re2 Rd3+ 40. Kf2 b4
41. f5 gxf5 42. gxf5 Rd4 43. Kf3 Rd1 44. g4 h6 45. Kf2 c3 46. bxc3 bxc3 47. Rc2
Kc4 48. Ke2 Rd5 49. f6 Rd6 50. f7 Rf6 51. Kd1 Rxf7 52. Rh2 Rf6 53. Kc2 a5 54.
Re2 Rf4 55. Rh2 Rxg4 56. Rxh6 Rg2+ 57. Kc1 Rxa2 58. Rc6+ Kb4 59. Rb6+ Kc5 60.
Rb8 a4 61. Rc8+ Kb4 62. Rb8+ Ka3 63. Rb7 Rg2 64. Rb8 Rg4 65. Kc2 Rc4 66. Rb7 Rc8
67. Rb6 Rc7 68. Rb8 Rc6 69. Rb7 Rc5 70. Rb8 Rc4 71. Rb7 Rb4 72. Rc7 Rb2+ 73.
Kxc3 Rb1 74. Ra7 Rc1+ 75. Kd2 Rc5 76. Ra8 Kb3 77. Rb8+ Ka2 78. Ra8 a3 79. Kd1
Rc3 80. Kd2 Kb2 81. Rb8+ Rb3 82. Rc8 {White resigns} 0-1

[Event "Team 45 45 League T69"]
[Site "Internet Chess Club"]
[Date "2016.07.28"]
[Round "8"]
[White "ChessHouston"]
[Black "JasonModer"]
[Result "0-1"]
[WhiteElo "1852"]
[BlackElo "1980"]
[Opening "Sicilian: Kan, Maróczy bind (Réti variation)"]
[ECO "B41"]
[Time "14:03:27"]
[TimeControl "2700+45"]

1. e4 c5 2. Nf3 e6 3. d4 cxd4 4. Nxd4 a6 5. c4 Nf6 6. Nc3 Bb4 7. Bd3 Nc6 8. Nxc6
dxc6 9. O-O e5 10. Qc2 O-O 11. Bg5 h6 12. Bh4 Be6 13. Rad1 Be7 14. Bg3 Qc7 15.
f4 Ng4 16. f5 Bc5+ 17. Kh1 Ne3 18. Qc1 Nxd1 19. Qxd1 Bd7 20. f6 g6 21. h4 Rad8
22. Qc1 Kh7 23. h5 Rg8 24. Ne2 gxh5 25. Qc3 Bh3 26. Kh2 Bxg2 27. Kxg2 h4 28. Rh1
Qd7 29. Rxh4 Qxd3 30. Qxd3 Rxd3 31. Rh3 Rg6 {White resigns} 0-1

[Event "Team 45 45 League T69"]
[Site "Internet Chess Club"]
[Date "2016.07.29"]
[Round "8"]
[White "komodeo"]
[Black "achessman"]
[Result "1-0"]
[WhiteElo "1839"]
[BlackElo "1904"]
[Opening "Caro-Kann: advance variation"]
[ECO "B12"]
[Time "17:31:30"]
[TimeControl "2700+45"]

1. e4 c6 2. d4 d5 3. e5 Bf5 4. h4 h5 5. Bd3 Bxd3 6. Qxd3 e6 7. Bg5 Qa5+ 8. Nd2
Qa6 9. Qxa6 Nxa6 10. O-O-O c5 11. Ne2 Nb4 12. a3 Nc6 13. Nf3 cxd4 14. Nexd4 Bc5
15. Nb5 Rc8 16. Rd3 Bf8 17. Rc3 a6 18. Nbd4 Kd7 19. Nxc6 bxc6 20. Rb3 Bc5 21.
Ne1 f6 22. Nd3 Ba7 23. exf6 gxf6 24. Bf4 Ra8 25. Rb7+ Kd8 26. Re1 e5 27. Nxe5
fxe5 28. Bxe5 Rh6 29. Rg7 Ne7 30. Bf4 Rh8 31. Rexe7 Bxf2 32. Bg5 {Black resigns}
1-0

[Event "Team 45 45 League T69"]
[Site "Internet Chess Club"]
[Date "2016.07.28"]
[Round "8"]
[White "Portola"]
[Black "anna"]
[Result "1/2-1/2"]
[WhiteElo "1764"]
[BlackElo "1824"]
[Opening "Queen's pawn game"]
[ECO "D00"]
[Time "19:00:05"]
[TimeControl "2700+45"]

1. d4 d5 2. c3 Nf6 3. Nf3 Bf5 4. Bg5 e6 5. e3 h6 6. Bh4 Be7 7. Nbd2 Nbd7 8. Be2
O-O 9. O-O Re8 10. Bg3 Nb6 11. Ne5 Bd6 12. f4 Nfd7 13. Bf2 Nxe5 14. fxe5 Be7 15.
b4 c6 16. Qb3 Nd7 17. a4 f6 18. exf6 Nxf6 19. c4 Qd6 20. c5 Qd7 21. b5 Bd8 22.
a5 a6 23. b6 Qf7 24. Bg3 Qg6 25. Qd1 Qh7 26. Bh5 Nxh5 27. Qxh5 Bg5 28. Bf4 Bf6
29. g4 Qg6 30. Qxg6 Bxg6 31. Nf3 Be4 32. Ne5 Bxe5 33. Bxe5 Bd3 34. Rf2 Rf8 35.
Raa2 Rxf2 36. Rxf2 Rf8 37. Rxf8+ Kxf8 38. Kf2 Kf7 39. Kg3 g5 40. h4 Kg6 41. hxg5
hxg5 {Game drawn by mutual agreement} 1/2-1/2

[Event "Team 45 45 League T69"]
[Site "Internet Chess Club"]
[Date "2016.08.01"]
[Round "8"]
[White "deancorso1"]
[Black "Knight8700"]
[Result "1-0"]
[WhiteElo "1985"]
[BlackElo "1944"]
[Opening "QGD: exchange, positional line"]
[ECO "D35"]
[Time "20:21:13"]
[TimeControl "2700+45"]

1. d4 d5 2. c4 e6 3. Nc3 Nf6 4. cxd5 exd5 5. Bg5 Be7 6. e3 c6 7. Bd3 Nbd7 8. Nf3
O-O 9. O-O Re8 10. Qc2 Nf8 11. h3 Ng6 12. Bxf6 Bxf6 13. b4 a6 14. Na4 Nf8 15.
Rac1 g6 16. Qb3 Ne6 17. Nc5 Ng5 18. Nxg5 Bxg5 19. Be2 Bf6 20. Bf3 Qe7 21. Rfe1
Bf5 22. Qc3 Bg7 23. a4 Rad8 24. b5 axb5 25. axb5 cxb5 26. Qb3 b6 27. Na6 Be4 28.
Bxe4 Qxe4 29. Qxb5 Re6 30. Nb4 Red6 31. Nc6 Qe8 32. Rc2 Rb8 33. Rec1 Bf8 34. Qb3
Rb7 35. Ne5 Kg7 36. Rc7 Qb8 37. Rc8 Qa7 38. Nc6 Qa6 39. Qb2 Be7 40. Ra1 Qd3 41.
Ne5 Qf5 42. Raa8 h5 43. Qb5 Bh4 44. Nf3 Be7 45. Qe8 Kf6 46. Ne5 Ke6 47. Rc6
{Black resigns} 1-0

[Event "Team 45 45 League T69"]
[Site "Internet Chess Club"]
[Date "2016.07.31"]
[Round "8"]
[White "nurmi"]
[Black "Agarnez"]
[Result "1-0"]
[WhiteElo "2104"]
[BlackElo "1940"]
[Opening "English: Neo-Catalan declined"]
[ECO "A14"]
[Time "08:00:30"]
[TimeControl "2700+45"]

1. c4 e6 2. g3 d5 3. Bg2 Nf6 4. Nf3 Be7 5. O-O O-O 6. b3 Ne4 7. Bb2 Bf6 8. d4 c5
9. Qc2 Nc6 10. Rd1 Qb6 11. e3 cxd4 12. Nxd4 Nb4 13. Qe2 e5 14. Nc2 Nxc2 15. Qxc2
Bf5 16. Rxd5 Nxg3 17. e4 Nh5 18. exf5 Nf4 19. Rd1 e4 20. Nc3 Bxc3 21. Bxc3 Rfe8
22. Qd2 Qh6 23. Kh1 Qh4 24. Qe3 Nd3 25. Rd2 Rac8 26. Rg1 Rc6 27. Rxd3 Rh6 28.
Bh3 f6 29. Rd7 {Black resigns} 1-0

[Event "Team 45 45 League T69"]
[Site "Internet Chess Club"]
[Date "2016.08.01"]
[Round "8"]
[White "ArturitoGalacti"]
[Black "Vinesh1234"]
[Result "0-1"]
[WhiteElo "1898"]
[BlackElo "1715"]
[Opening "King's Indian: orthodox, Aronin-Taimanov, bayonet attack"]
[ECO "E97"]
[Time "17:16:47"]
[TimeControl "2700+45"]

1. c4 Nf6 2. Nc3 g6 3. e4 d6 4. d4 Bg7 5. Nf3 O-O 6. Be2 e5 7. O-O Nc6 8. d5 Ne7
9. b4 Nh5 10. g3 f5 11. Ng5 Nf6 12. f3 f4 13. b5 fxg3 14. hxg3 h6 15. Ne6 Bxe6
16. dxe6 Qc8 17. Nd5 Qxe6 18. Nxc7 Qh3 19. Rf2 Nxe4 20. fxe4 Rxf2 21. Kxf2 Rf8+
22. Ke3 Qxg3+ 23. Kd2 Rf2 24. Ne8 Qf3 25. Nxg7 Kxg7 26. Ke1 Rxe2+ 27. Qxe2 Qc3+
28. Kf2 Qxa1 29. Be3 g5 30. Bxa7 Ng6 31. Qd2 Nf4 32. Bb8 Qh1 33. Qe3 Qh2+ 34.
Kf1 Qxa2 35. Bxd6 Qxc4+ 36. Kg1 Qxb5 37. Qa3 Qb1+ 38. Kf2 Qc2+ 39. Kf1 Qe2+
{White resigns} 0-1

[Event "Team 45 45 League T69"]
[Site "Internet Chess Club"]
[Date "2016.07.28"]
[Round "8"]
[White "gomeschess"]
[Black "NashGames"]
[Result "1-0"]
[WhiteElo "2037"]
[BlackElo "2048"]
[Opening "Ruy Lopez: closed, Flohr-Zaitsev system (Lenzerheide variation)"]
[ECO "C92"]
[Time "20:00:08"]
[TimeControl "2700+45"]

1. e4 e5 2. Nf3 Nc6 3. Bb5 a6 4. Ba4 b5 5. Bb3 Nf6 6. O-O Be7 7. Re1 O-O 8. h3
d6 9. c3 Bb7 10. d4 Na5 11. Bc2 c5 12. Nbd2 cxd4 13. cxd4 exd4 14. Nxd4 Re8 15.
Nf1 Rc8 16. Ng3 Nc4 17. b3 Ne5 18. Bb2 d5 19. f4 Nc6 20. Nxc6 Rxc6 21. e5 Ne4
22. Nxe4 dxe4 23. Bxe4 Qxd1 24. Raxd1 Rc7 25. Bxb7 Rxb7 26. Kf2 Bb4 27. Re4 Bc5+
28. Kf3 Rc7 29. f5 Bf8 30. Re2 h5 31. g4 hxg4+ 32. hxg4 Bb4 33. Rh2 Bc3 34. Rdh1
f6 35. Rh8+ Kf7 36. e6+ Ke7 37. Rxe8+ Kxe8 38. Bxc3 Rxc3+ 39. Kf4 Rd3 40. Rh8+
Ke7 41. Rg8 g5+ 42. fxg6 Rd4+ 43. Kf3 Kxe6 44. Re8+ Kd7 45. g7 Kxe8 46. g8=Q+
Ke7 47. Qg7+ Ke6 48. Qa7 Rd3+ 49. Ke4 Rd6 50. Qb7 f5+ 51. gxf5+ Kf6 52. Qb8 Rd1
53. Qf8+ Kg5 54. Qg7+ Kh4 55. f6 Re1+ 56. Kf3 Rf1+ 57. Ke2 Rf5 58. f7 Kh5 59.
f8=Q Rxf8 60. Qxf8 {Black resigns} 1-0

[Event "Team 45 45 League T69"]
[Site "Internet Chess Club"]
[Date "2016.07.30"]
[Round "8"]
[White "cityprosecutor"]
[Black "kllrchris"]
[Result "1-0"]
[WhiteElo "1737"]
[BlackElo "1685"]
[Opening "French: King's Indian attack"]
[ECO "C00"]
[Time "23:02:41"]
[TimeControl "2700+45"]

1. e4 e6 2. d3 d5 3. Nd2 c5 4. g3 Nc6 5. Bg2 Nf6 6. Ngf3 Be7 7. O-O b6 8. Qe2
Bb7 9. Re1 Qc7 10. c3 a5 11. a4 h5 12. h4 Ba6 13. exd5 Nxd5 14. Ne4 O-O-O 15. c4
Ndb4 16. Rd1 Bf6 17. Nc3 Nd4 18. Nxd4 Bxd4 19. Kh2 Bf6 20. Nb5 Bxb5 21. axb5 Qe5
22. Qf3 Kd7 23. Bf4 Qd4 24. Qb7+ Ke8 25. Bc7 Rd7 26. Qb8+ Bd8 27. Bxd8 Rxd8 28.
Qxb6 Ke7 29. Rxa5 Nxd3 30. Ra7+ Kf6 31. Qb7 Rhf8 32. Qf3+ Kg6 33. Qe4+ Qxe4 34.
Bxe4+ {Black resigns} 1-0

[Event "Team 45 45 League T69"]
[Site "Internet Chess Club"]
[Date "2016.07.29"]
[Round "8"]
[White "SimplyAbed"]
[Black "Hal2001"]
[Result "1-0"]
[WhiteElo "1527"]
[BlackElo "1608"]
[Opening "Robatsch (modern) defense"]
[ECO "B06"]
[Time "11:21:24"]
[TimeControl "2700+45"]

1. e4 g6 2. d4 Bg7 3. c4 c5 4. d5 d6 5. Nc3 e5 6. f4 exf4 7. Bxf4 a6 8. Nf3 Bg4
9. Bd3 Qe7 10. O-O Nd7 11. Qc2 Bxf3 12. Rxf3 Ne5 13. Qa4+ Kf8 14. Bxe5 Bxe5 15.
Raf1 Nh6 16. Qc2 Kg7 17. Ne2 Rhf8 18. h3 Qd7 19. g4 b5 20. Nf4 b4 21. g5 Ng8 22.
Qg2 Rae8 23. h4 Bxf4 24. Rxf4 Re5 25. Be2 Qe7 26. Bg4 Qe8 27. b3 a5 28. Be6 Rxe6
29. dxe6 Qxe6 30. Qb2+ f6 31. h5 Qe5 32. h6+ Kh8 33. Qxe5 dxe5 34. R4f2 Rd8 35.
gxf6 Nxh6 36. f7 Rf8 37. Rf6 Kg7 38. Rc6 Rxf7 39. Rxf7+ Nxf7 40. Rxc5 Kf6 41.
Rxa5 h5 42. Rb5 Ng5 43. Rb6+ Kf7 44. c5 Nxe4 45. c6 Ke7 46. c7 Kd7 47. Rxg6 Kxc7
48. Re6 Nd2 49. Kg2 e4 50. Kf2 Kd7 51. Rb6 h4 52. Rxb4 Ke6 53. Rd4 Nb1 54. Rxe4+
Kd5 55. Rxh4 Nc3 56. a4 Ne4+ 57. Rxe4 Kxe4 58. b4 Kd5 59. Ke3 Kc6 60. Kd4 Kb6
61. Kd5 Ka6 62. Kc6 Ka7 63. Kc7 Ka8 64. Kb6 Kb8 65. a5 Ka8 66. a6 Kb8 67. b5 Ka8
68. Kc6 Kb8 69. b6 Ka8 70. b7+ Kb8 71. a7+ Kxa7 72. Kc7 {Black resigns} 1-0

[Event "Team 45 45 League T69"]
[Site "Internet Chess Club"]
[Date "2016.07.31"]
[Round "8"]
[White "elessar"]
[Black "Mitochondria"]
[Result "1-0"]
[WhiteElo "1697"]
[BlackElo "1578"]
[Opening "Sicilian: Kan, 5.Bd3"]
[ECO "B42"]
[Time "16:02:23"]
[TimeControl "2700+45"]

1. e4 e6 2. Nf3 c5 3. d4 cxd4 4. Nxd4 a6 5. Bd3 Nf6 6. O-O Bc5 7. Nb3 Be7 8. c4
e5 9. Nc3 Nc6 10. Nd5 O-O 11. Be3 d6 12. h3 Nxd5 13. cxd5 Nb8 14. Qd2 f5 15. f3
f4 16. Bf2 Bh4 17. Bxh4 Qxh4 18. Qf2 Qg5 19. Kh2 Rf6 20. Rac1 Nd7 21. Rc7 Rh6
22. Rfc1 Qd8 23. R7c2 Nf6 24. Nd2 Qe8 25. Bf1 Qd7 26. Nc4 Qe7 27. Nb6 Bxh3 28.
gxh3 Rf8 29. Rc7 Qe8 30. Rc8 Qg6 31. Rxf8+ Kxf8 32. Qg2 Qf7 33. Rc8+ Ne8 34. Rc2
Rg6 35. Qf2 Rg3 36. Bg2 g5 37. Rc3 Qh5 38. Nc4 g4 39. fxg4 Rxg4 40. Nd2 Rg7 41.
Nf3 Nf6 42. Rc8+ Ke7 43. Rc7+ Kf8 44. Rxg7 Kxg7 45. Qh4 Qe8 46. Qg5+ Kf7 47. Qf5
Kg7 48. Ng5 Qg6 49. Ne6+ Kf7 50. Nd8+ Kg7 51. Qxg6+ hxg6 52. Nxb7 g5 53. Bf3 Ne8
54. b4 Kf7 55. a4 Ke7 56. Bg4 Nf6 57. Bf3 Nd7 58. Na5 Nb6 59. Nc6+ Kd7 60. a5
Nc4 61. Kg2 Kc7 62. Be2 Ne3+ 63. Kf3 Nc2 64. Bxa6 Ne1+ 65. Kf2 Nc2 66. Be2 Kb7
67. b5 Ka8 68. Nd8 Nd4 69. Nf7 f3 70. Bxf3 Nxb5 71. Nxg5 Nd4 72. h4 {Black
resigns} 1-0

[Event "Team 45 45 League T69"]
[Site "Internet Chess Club"]
[Date "2016.07.29"]
[Round "8"]
[White "Scorpius"]
[Black "Constrictor"]
[Result "1-0"]
[WhiteElo "1383"]
[BlackElo "1568"]
[Opening "QGD Slav: exchange variation"]
[ECO "D13"]
[Time "21:00:17"]
[TimeControl "2700+45"]

1. d4 c6 2. c4 d5 3. cxd5 cxd5 4. Nf3 Nf6 5. Bf4 Nc6 6. e3 Bf5 7. Bd3 Qa5+ 8.
Nc3 Bxd3 9. Qxd3 Ne4 10. O-O Nxc3 11. bxc3 Rc8 12. Rfb1 e6 13. Rxb7 Nd8 14. Qb5+
Qxb5 15. Rxb5 Rxc3 16. Ra5 Nc6 17. Ra6 f6 18. Kf1 Be7 19. Rb1 O-O 20. Rb7 Bd8
21. Bd6 Rf7 22. Rxf7 Kxf7 23. Bc5 Bb6 24. Bxb6 axb6 25. Rxb6 Na5 26. Ra6 Ra3 27.
Nd2 Nc4 28. Rxa3 Nxa3 29. Nb3 Ke7 30. Nc5 Kd6 31. Ke2 Nb5 32. Kd3 e5 33. a4 Na7
34. a5 Kc6 35. a6 Nb5 36. f4 e4+ 37. Kc2 Kb6 38. Kb3 Nc7 39. Kb4 Nxa6+ 40. Nxa6
Kxa6 41. Kc5 Kb7 42. Kxd5 f5 {Black resigns} 1-0

[Event "Team 45 45 League T69"]
[Site "Internet Chess Club"]
[Date "2016.07.28"]
[Round "8"]
[White "Packerfan"]
[Black "idjit"]
[Result "1-0"]
[WhiteElo "1773"]
[BlackElo "1512"]
[Opening "French: Paulsen variation"]
[ECO "C10"]
[Time "14:00:33"]
[TimeControl "2700+45"]

1. e4 e6 2. d4 d5 3. Nc3 Nc6 4. e5 Nge7 5. f4 Nf5 6. Nf3 Bb4 7. Be2 Ncxd4 8.
Nxd4 Qh4+ 9. g3 Nxg3 10. Nf3 Nxe2+ 11. Nxh4 Nxc3 12. bxc3 Bxc3+ 13. Bd2 Bxa1 14.
Qxa1 Bd7 15. Bb4 b6 16. Rg1 g6 17. Nf3 c5 18. Bd2 Bc6 19. Ke2 d4 20. Qe1 Bd5 21.
a3 O-O-O 22. Ng5 f6 23. Nf7 {Black resigns} 1-0

[Event "Team 45 45 League T69"]
[Site "Internet Chess Club"]
[Date "2016.08.01"]
[Round "8"]
[White "QuieroAprender"]
[Black "Lrn2Mate"]
[Result "1-0"]
[WhiteElo "1618"]
[BlackElo "1677"]
[Opening "King's Indian: 5.Be2"]
[ECO "E73"]
[Time "19:41:11"]
[TimeControl "2700+45"]

1. d4 Nf6 2. c4 g6 3. Nc3 Bg7 4. e4 d6 5. Be2 O-O 6. d5 c5 7. f4 Nbd7 8. Nf3 Qc7
9. O-O a6 10. h3 b6 11. Ng5 Bb7 12. Be3 e5 13. dxe6 h6 14. exf7+ Rxf7 15. Nxf7
Kxf7 16. Bd3 Re8 17. Qc2 Nf8 18. Rae1 Qd7 19. Nd5 Nxd5 20. exd5 Qd8 21. Bf2 Rxe1
22. Rxe1 Bc8 23. f5 g5 24. g4 Nd7 25. Re6 Ne5 26. Be2 Bxe6 27. fxe6+ Ke7 28. Bg3
Qf8 29. Qe4 Qh8 30. h4 Bf6 31. h5 a5 32. b3 Qg7 33. Qf5 Kd8 34. Kg2 Kc7 35. Kf2
Qe7 36. Bxe5 Bxe5 37. Ke3 Kd8 38. Ke4 Qg7 39. Bd3 Ke7 40. Kf3 Qf6 41. Be4 Qxf5+
42. gxf5 Kf6 43. Kg4 Bc3 44. Kf3 Be5 45. Ke3 Bd4+ 46. Kd3 Bb2 47. Kc2 Bd4 48. a3
Be5 49. b4 cxb4 50. axb4 axb4 51. Kb3 Bc3 52. Ka4 g4 53. Kb5 b3 54. Kxb6 b2 55.
Kc7 Bb4 56. Kd7 g3 57. e7 g2 58. e8=Q g1=Q 59. Qe7# {Black checkmated} 1-0

[Event "Team 45 45 League T69"]
[Site "Internet Chess Club"]
[Date "2016.07.31"]
[Round "8"]
[White "QuieroAprender"]
[Black "fireball"]
[Result "0-1"]
[WhiteElo "1611"]
[BlackElo "1713"]
[Opening "French: Winawer, advance variation"]
[ECO "C18"]
[Time "13:10:24"]
[TimeControl "2700+45"]

1. e4 e6 2. d4 d5 3. Nc3 Bb4 4. e5 c5 5. a3 Bxc3+ 6. bxc3 Nc6 7. Be3 Qa5 8. Qd2
c4 9. f4 Nh6 10. Nf3 Nf5 11. g4 Nxe3 12. Qxe3 a6 13. Be2 Na7 14. O-O Nb5 15. Rf2
Qxc3 16. Qxc3 Nxc3 17. Rg2 Bd7 18. Bf1 a5 19. Nd2 Ra6 20. Rg3 Na4 21. Bg2 Rb6
22. c3 Rb2 23. Rd1 Ke7 24. f5 Rc8 25. h4 Rc6 26. g5 Rcb6 27. h5 Rc2 28. f6+ gxf6
29. gxf6+ Kd8 30. Nb1 Rb3 31. Rg7 Be8 32. Rxh7 Nxc3 33. Nxc3 Rbxc3 34. Rg7 Rc1
35. Rxc1 Rxc1+ 36. Kh2 Rd1 37. Rg4 c3 38. h6 c2 39. h7 c1=Q 40. h8=Q Qe3 41. Qf8
Qg1+ 42. Kh3 Rd3+ 43. Kh4 Qf2+ 44. Kh5 Qf5+ {White forfeits on time} 0-1